 Dungeon Crawl Stone Soup version 0.21.1-1-g345015f (webtiles) character file.

151628 Mgcat the Unseen (level 17, -6/157 HPs)
             Began as a Deep Dwarf Assassin on Mar 29, 2018.
             Was a High Priest of Okawaru.
             Killed from afar by a thorn hunter (41 damage)
             ... with a volley of thorns
             ... on level 4 of the Swamp on Apr 29, 2018.
             The game lasted 03:26:38 (39018 turns).

Mgcat the Unseen (Deep Dwarf Assassin)             Turns: 39018, Time: 03:26:38

Health: -6/157     AC: 18    Str: 20    XL:     17   Next: 1%
Magic:  2/24       EV: 19    Int: 17    God:    Okawaru [*****.]
Gold:   1086       SH:  7    Dex: 17    Spells: 16/30 levels left

rFire    + . .     SeeInvis +   a - +6 long sword "Sasovucs" {slice, rF+ rC+ Int+2}
rCold    + + .     Gourm    .   z - +1 buckler
rNeg     + . .     Faith    .   I - +1 leather armour "Ceyt" {+Blink MR+ Dex+2} (curse)
rPois    .         Spirit   .   N - +2 helmet
rElec    .         Reflect  .   d - +2 cloak
rCorr    .         Harm     .   R - +2 pair of gloves {archery}
MR       +++..                  J - +2 pair of boots {Fly}
Stlth    +++++++...             t - amulet of rage {+Rage, !d}
HPRegen  0.00/turn              C - ring "Morchetyr" {Str+4 Slay+2 SInv}
MPRegen  0.19/turn              O - ring "Erimmet" {rC+ MP+9 Dex-2 SInv Stlth+}

@: flying, non-regenerating
A: damage resistance, heal wounds, negative energy resistance 1, sense
surroundings 2, no regeneration
a: Heal Wounds, Heroism, Finesse, Renounce Religion, Evoke Blink, Evoke Berserk
Rage, Stop Flying


You were on level 4 of the Swamp.
You worshipped Okawaru.
Okawaru was extremely pleased with you.
You were hungry.

You visited 6 branches of the dungeon, and saw 29 of its levels.
You also visited: Labyrinth.

You collected 2616 gold pieces.
You spent 1530 gold pieces at shops.

Inventory:

Hand Weapons
 a - the +6 long sword "Sasovucs" (weapon) {slice, rF+ rC+ Int+2}
   (You found it on level 13 of the Dungeon)

   It inflicts extra damage upon your enemies.
   It affects your intelligence (+2).
   It protects you from fire.
   It protects you from cold.
 b - a +2 blowgun
 j - a +2 vampiric war axe {!w}
   (You took it off an orc on level 14 of the Dungeon)
 Z - a +5 short sword of draining
   (You took it off an orc on level 6 of the Dungeon)
Missiles
 f - 14 curare-tipped needles
 h - 3 needles of confusion
 i - 3 javelins
 r - 5 needles of paralysis
 s - 59 poisoned needles
 v - 5 needles of frenzy
 w - 6 silver javelins
 A - 3 javelins of returning (quivered)
 H - 4 throwing nets {=f, !d}
 V - 6 javelins of penetration
Armour
 d - a +2 cloak (worn)
 o - the +1 scale mail "Qiacregh" {+Inv Slay+5}
   (You found it on level 3 of the Lair of Beasts)

   It affects your accuracy and damage with ranged weapons and melee attacks
   (+5).
   It lets you turn invisible.
 z - a +1 buckler (worn)
   (You found it on level 7 of the Dungeon)
 I - the cursed +1 leather armour "Ceyt" (worn) {+Blink MR+ Dex+2}
   (You found it on level 3 of the Swamp)

   It affects your dexterity (+2).
   It affects your resistance to hostile enchantments.
   It lets you blink.
   It has a curse placed upon it.
 J - a +2 pair of boots of flying (worn)
   (You found it in a labyrinth)
 N - a +2 helmet (worn)
   (You found it on level 13 of the Dungeon)
 R - a +2 pair of gloves of archery (worn)
   (You found it on level 2 of the Lair of Beasts)
Jewellery
 t - an amulet of rage (around neck) {+Rage, !d}
   (You found it on level 2 of the Dungeon)
 C - the ring "Morchetyr" (left hand) {Str+4 Slay+2 SInv}
   (You found it on level 6 of the Lair of Beasts)

   [ring of see invisible]

   It affects your strength (+4).
   It affects your accuracy and damage with ranged weapons and melee attacks
   (+2).
   It lets you see invisible.
 M - an uncursed ring of wizardry {Wiz+, !d}
   (You found it on level 13 of the Dungeon)
 O - the ring "Erimmet" (right hand) {rC+ MP+9 Dex-2 SInv Stlth+}
   (You found it in a labyrinth)

   [ring of protection from cold]

   It affects your dexterity (-2).
   It protects you from cold.
   It affects your magic capacity (+9).
   It lets you see invisible.
   It makes you more stealthy.
Wands
 B - a wand of digging (38)
   (You found it on level 7 of the Dungeon)
Scrolls
 e - 3 scrolls of fear
 x - 8 scrolls of teleportation
 D - a scroll of amnesia
 F - 5 scrolls of magic mapping {!r}
 L - 8 scrolls of remove curse
 P - a scroll of summoning {unknown}
 Q - 2 scrolls of fog
 W - 13 scrolls of identify
Potions
 c - 2 potions of brilliance
 k - 2 potions of agility
 l - 2 potions of mutation {!q}
 m - a potion of cancellation
 q - a potion of ambrosia
 u - 3 potions of lignification {!q}
 E - 4 potions of might
 G - a potion of haste
 T - 2 potions of berserk rage {!q}
Comestibles
 g - 30 rations
 n - a chunk of flesh {@w0}


   Skills:
 + Level 11.5 Fighting
 - Level 10.8(11.0) Short Blades
 - Level 4.1(8.7) Long Blades
 - Level 6.9 Throwing
 + Level 7.9 Armour
 - Level 10.4 Dodging
 - Level 15.1 Stealth
 - Level 5.0 Shields
 - Level 7.3 Spellcasting
 + Level 11.2 Necromancy
 + Level 7.4 Transmutations
 + Level 10.0 Earth Magic
 - Level 10.0 Invocations


You had 16 spell levels left.
You knew the following spells:

 Your Spells              Type           Power        Failure   Level  Hunger
a - Vampiric Draining     Necr           #####.....   1%          3    ##.....
b - Borgnjor's Vile Clut  Necr/Erth      #####.....   4%          5    #####..
c - Statue Form           Tmut/Erth      #####....    47%         6    #######


Dungeon Overview and Level Annotations

Branches:
Dungeon (15/15)            Temple (1/1) D:7            Lair (6/6) D:11
  Swamp (4/4) Lair:4        Snake (1/4) Lair:4        Slime (0/5) Lair:6
    Orc (2/2) D:11            Elf (0/3) Orc:2        Vaults (0/5) D:14
 Depths (0/5) D:15

Altars:
Ashenzari
Cheibriados
Dithmenos
Elyvilon
Fedhas
Gozag
Hepliaklqana
Kikubaaqudgha
Makhleb
Nemelex Xobeh
Okawaru
Qazlal
Ru
Sif Muna
Trog
Uskayaw
Vehumet
Wu Jian
Xom
Yredelemnul
Zin
The Shining One
Beogh

Shops:
D:13 *   D:14 ?   Orc:2 !(:(

Portals:
Trove: D:13 (give +2 gold dragon scales)

Annotations:
Lair:1 exclusion: 2 oklob plants
Lair:2 exclusion: oklob plant
Lair:4 exclusion: oklob plant
Lair:6 exclusion: 4 oklob plants


Innate Abilities, Weirdness & Mutations

You are resistant to damage.
You can heal yourself by infusing magical energy.
You resist negative energy. (rN+)
You passively map the area around you.
You do not regenerate.


Message History

Aim: a slime creature The slime creature is lightly wounded.
You feel life coursing into your body.
Casting: Vampiric Draining
Confirm with . or Enter, or press ? or * to list all spells.
Aiming: Vampiric Draining
Press: ? - help, Shift-Dir - straight line, f/p - slime creature
Aim: a slime creature (lightly wounded)
The slime creature is moderately wounded.
You feel life coursing into your body. The slime creature hits you!
Two slime creatures merge to form a very large slime creature.
Casting: Vampiric Draining
Confirm with . or Enter, or press ? or * to list all spells.
You don't have enough magic to cast that spell.
Unknown command.
Unknown command.
Unknown command.
You slash the slime creature!
The slime creature is heavily wounded.
The slime creature misses you.
Unknown command.
Unknown command.
You slash the slime creature!
The slime creature is severely wounded.
The slime creature hits you but does no damage.
Two slime creatures merge to form an enormous slime creature.
An enormous slime creature splits.
You hit the large slime creature.
The large slime creature is moderately wounded.
The large slime creature barely misses you.
A large slime creature splits.
You slash the slime creature!
The slime creature is heavily wounded.
The vampire mosquito misses you.
The vampire mosquito bites you but does no damage.
The large slime creature misses you.
You riposte.
You barely miss the large slime creature.
The large slime creature is lightly wounded.
You hit the slime creature.
The slime creature is heavily wounded.
The vampire mosquito bites you.
The vampire mosquito draws strength from your injuries!
The slime creature closely misses you.
The slime creature completely misses you.
You riposte.
You slash the slime creature!
The slime creature is moderately wounded.
Two slime creatures merge to form a very large slime creature.
The vampire mosquito bites you but does no damage.
You slash the slime creature!
The slime creature is severely wounded.
The vampire mosquito barely misses you. The slime creature hits you!
You block the slime creature's attack.
You block the very large slime creature's attack.
The vampire mosquito misses you.
Casting: Vampiric Draining
Confirm with . or Enter, or press ? or * to list all spells.
Aiming: Vampiric Draining
Press: ? - help, Shift-Dir - straight line, f/p - very large slime creature
Aim: a very large slime creature (lightly wounded)
The very large slime creature is lightly wounded.
You feel life coursing into your body.
The vampire mosquito closely misses you.
The slime creature hits you!
The slime creature hits you but does no damage.
The very large slime creature hits you!
You slice the slime creature!!
You kill the slime creature!
Okawaru accepts your kill.
You block the vampire mosquito's attack.
The vampire mosquito bites you but does no damage.
The slime creature hits you but does no damage.
You block the vampire mosquito's attack.
You block the very large slime creature's attack.
You slash the slime creature!
The slime creature is heavily wounded.
The vampire mosquito barely misses you.
The vampire mosquito bites you but does no damage.
The slime creature hits you.
The vampire mosquito closely misses you.
You riposte.
You slash the vampire mosquito!
The vampire mosquito is moderately damaged.
The vampire mosquito closely misses you.
The very large slime creature completely misses you.
Okay, then.
You don't have enough magic at the moment.
You don't have enough magic at the moment.
The slime creature hits you.
The vampire mosquito completely misses you. x2
The vampire mosquito bites you but does no damage.
You block the vampire mosquito's attack.
You block the vampire mosquito's attack.
The thorn hunter hits you!
* * * LOW HITPOINT WARNING * * *
The vampire mosquito buzzes angrily.
The thorn hunter hits you!
* * * LOW HITPOINT WARNING * * *
A very large slime creature splits.
The thorn hunter fires a volley of thorns at you.
The volley of thorns hits you!
You die...

.≈≈..≈≈≈≈.≈§♣♣♣♣♣♣♣ *≈,,≈≈≈
♣♣♣♣...≈.♣♣♣♣♣....♣♣♣♣♣♣♣ ***≈≈≈≈
♣≈≈..≈♣♣≈...≈≈.....♣≈♣♣♣♣*≈≈≈≈
♣♣♣≈..♣♣≈...≈≈≈..≈≈..≈≈≈≈♣*≈...
♣♣..††♣♣♣≈≈....≈.≈≈≈..≈≈.♣♣♣≈yy≈
♣♣.....♣♣.≈≈≈≈.≈≈≈..≈≈y♣♣≈♣≈.≈...
≈≈......≈..≈≈≈≈≈≈≈JJw.♣♣♣J.yyy.≈≈
..§≈♣≈≈≈≈.≈≈≈≈≈≈≈.fyy♣♣♣.yyf..§.≈
♣♣♣♣♣.≈≈.≈≈≈≈≈≈.@.Jy♣♣ ♣♣≈.≈≈≈≈.≈
♣≈≈..≈.≈≈≈≈≈≈..≈♣♣♣♣♣ **♣♣≈≈≈≈≈≈.
.≈≈≈≈≈≈≈≈≈≈....≈♣♣ ***♣≈≈*♣.≈≈≈≈≈
≈§≈≈≈≈≈≈≈≈.......♣ *≈.≈..*≈..≈≈≈≈
≈≈≈≈≈§≈≈≈†..†≈.≈≈♣**..≈♣≈≈,..≈≈≈≈
§≈≈≈≈≈≈≈≈≈≈.♣....♣♣...≈♣♣,,.....♣
≈≈≈≈≈≈≈§≈≈)(<..♣♣..≈≈≈≈≈≈,,,,,,,,
.≈≈≈≈..≈≈).≈≈≈≈≈..≈≈≈≈≈≈≈,,,,≈≈≈,
≈≈≈≈≈.≈≈≈≈≈≈≈≈§≈...≈≈≈≈≈≈≈≈≈≈≈≈≈*


You could see a thorn hunter, a large slime creature, 2 slime creatures, a swamp
worm and 4 vampire mosquitoes.

Vanquished Creatures
  A tentacled monstrosity (Swamp:2)
  3 thorn hunters
  3 orc warlords (Orc:2)
  The ghost of Ratty the Crack Shot, a journeyman CeMo of Okawaru (Lair:5)
  A dire elephant (D:15)
  Snorg (D:11)
  A minotaur (Lab)
  Josephine (Lair:4)
  A rakshasa (D:14)
  Harold (D:12)
  A naga warrior (Lair:4)
  2 ghost crabs (Swamp:3)
  15 hydras
  A merfolk avatar (Lair:6)
  Erica (D:9)
  3 centaur warriors
  A death knight (D:12)
  2 catoblepae
  9 alligators
  12 two-headed ogres
  2 tengu warriors
  Urug (D:12)
  An ogre mage (D:13)
  3 death yaks (Lair:5)
  4 orc high priests (Orc:2)
  2 skeletal warriors
  The ghost of Kairos the Cleaver, a novice HuFi (D:6)
  2 sea snakes (Lair:6)
  2 unseen horrors
  3 spriggan druids
  5 swamp dragons
  A deep elf archer (D:14)
  A harpy (Lair:6)
  A lindwurm (Lair:3)
  5 orc knights
  A shambling mangrove (Swamp:2)
  A phantasmal warrior (D:12)
  4 deep elf magi
  3 cyclopes
  A manticore (D:15)
  2 salamanders
  4 orc sorcerers (Orc:2)
  16 ugly things
  Maurice (D:9)
  8 black mambas
  3 centaur zombies (D:15)
  13 elephants
  2 torpor snails
  2 gargoyles (D:13)
  11 komodo dragons
  20 spiny frogs
  5 yaktaurs
  A freezing wraith (D:12)
  7 rime drakes
  A tengu conjurer (D:15)
  3 polar bears
  9 trolls
  5 tyrant leeches
  8 hornets
  7 bog bodies
  A wind drake (Lair:6)
  20 blink frogs
  7 dream sheep (Lair:6)
  22 slime creatures
  12 hippogriffs
  A dream sheep (shapeshifter) (D:15)
  3 wyverns
  The ghost of wojtek the Conjurer, an amateur KoCj (D:4)
  4 wraiths (Lair:4)
  2 redbacks (Lab)
  9 spriggans
  2 shadows
  A vampire (D:12)
  A steam dragon (D:11)
  5 basilisks
  36 yaks
  6 hungry ghosts
  15 vampire mosquitoes
  Grum (D:9)
  22 swamp worms
  Edmund (D:4)
  6 wargs
  5 insubstantial wisps (Swamp:1)
  21 water moccasins
  8 swamp drakes
  6 porcupines
  37 orc warriors
  A hornet zombie (D:9)
  2 sky beasts
  An eye of draining (D:13)
  2 phantoms
  7 ice beasts
  2 necrophages
  9 wolves
  16 ogres
  8 centaurs
  15 crocodiles
  20 bullfrogs
  4 big kobolds
  A gnoll sergeant (D:9)
  2 wyvern skeletons
  18 killer bees
  8 scorpions
  9 wights
  3 howler monkeys (D:13)
  5 electric eels
  10 crimson imps
  6 hounds
  2 jellies
  30 orc priests
  25 orc wizards
  2 bullfrog skeletons
  7 centaur skeletons
  2 iguanas
  Ijyb (D:4)
  4 worker ants
  A bullfrog simulacrum (D:8)
  2 hound zombies
  A hound skeleton (D:10)
  Robin (D:2)
  A howler monkey skeleton (D:6)
  2 worker ant zombies
  8 adders
  7 gnolls
  A hound simulacrum (D:8)
  3 shadow imps
  2 white imps (D:8)
  An ufetubus (D:8)
  An ooze (D:1)
  2 worms
  A dart slug (D:2)
  2 leopard geckos
  127 orcs
  9 bats
  A giant cockroach (D:3)
  16 goblins
  9 hobgoblins
  3 jackals (D:9)
  5 quokkas
  2 ball pythons
  6 frilled lizards
  31 kobolds
  A quokka skeleton (D:6)
  10 rats
  A rat zombie (D:2)
  A briar patch (Swamp:2)
  A butterfly (Lair:1)
969 creatures vanquished.

Vanquished Creatures (others)
  A white imp (D:8)
  A briar patch (Swamp:2)
  26 fungi
  11 plants
39 creatures vanquished.

Grand Total: 1008 creatures vanquished

Notes
Turn   | Place    | Note
-------+----------+-------------------------------------------
     0 | D:1      | Mgcat the Deep Dwarf Assassin began the quest for the Orb.
     0 | D:1      | Reached XP level 1. HP: 19/19 MP: 1/1
   273 | D:1      | Reached skill level 2 in Fighting
   273 | D:1      | Reached skill level 2 in Short Blades
   273 | D:1      | Reached skill level 5 in Stealth
   273 | D:1      | Reached XP level 2. HP: 16/26 MP: 2/2
   937 | D:1      | Reached XP level 3. HP: 12/32 MP: 3/3
  1246 | D:2      | HP: 8/33 [leopard gecko (2)]
  1251 | D:2      | HP: 5/33 [leopard gecko (3)]
  1337 | D:2      | Noticed Robin
  1373 | D:2      | Killed Robin
  1515 | D:2      | Noticed a water elemental
  1516 | D:2      | Found a stormy altar of Qazlal.
  1522 | D:2      | Noticed an earth elemental
  1522 | D:2      | Noticed an air elemental
  1522 | D:2      | Noticed a fire elemental
  1547 | D:2      | Reached XP level 4. HP: 19/40 MP: 4/4
  1788 | D:2      | Found an ancient bone altar of Kikubaaqudgha.
  2191 | D:3      | Found a white marble altar of Elyvilon.
  2740 | D:4      | Reached skill level 3 in Fighting
  2740 | D:4      | Reached skill level 3 in Short Blades
  2740 | D:4      | Reached skill level 6 in Stealth
  2774 | D:4      | Reached XP level 5. HP: 33/49 MP: 5/5
  2920 | D:4      | Noticed wojtek's ghost (amateur KoCj)
  2926 | D:5      | Entered Level 5 of the Dungeon
  3538 | D:5      | Reached XP level 6. HP: 16/56 MP: 6/6
  3586 | D:5      | HP: 13/56 [adder (3)]
  3808 | D:4      | Noticed Edmund
  3931 | D:6      | Found a radiant altar of Vehumet.
  3979 | D:6      | Noticed Kairos's ghost (novice HuFi)
  4042 | D:6      | Noticed an orc warrior
  4127 | D:4      | Killed wojtek's ghost
  4127 | D:4      | Reached skill level 4 in Fighting
  4127 | D:4      | Reached skill level 4 in Short Blades
  4127 | D:4      | Reached skill level 7 in Stealth
  4232 | D:4      | Reached XP level 7. HP: 45/64 MP: 5/5
  4242 | D:4      | Noticed Ijyb
  4264 | D:4      | Killed Ijyb
  4396 | D:4      | Killed Edmund
  4836 | D:6      | HP: 15/66 [Kairos's ghost (12)]
  4845 | D:6      | HP: 12/66 [Kairos's ghost (14)]
  4854 | D:6      | HP: 12/66 [Kairos's ghost (15)]
  4861 | D:6      | HP: 13/66 [Kairos's ghost (15)]
  4894 | D:6      | Killed Kairos's ghost
  4894 | D:6      | Reached skill level 5 in Fighting
  4894 | D:6      | Reached skill level 5 in Short Blades
  4894 | D:6      | Reached skill level 9 in Stealth
  4894 | D:6      | Reached XP level 8. HP: 75/75 MP: 5/5
  5131 | D:6      | Reached skill level 2 in Throwing
  5205 | D:6      | HP: 19/76 [orc wizard/magic dart (9)]
  5423 | D:6      | Reached skill level 6 in Fighting
  5478 | D:6      | You fall through a shaft!
  5533 | D:7      | Reached skill level 6 in Short Blades
  5678 | D:7      | Found a staircase to the Ecumenical Temple.
  5678 | D:7      | Noticed a troll
  5689 | D:7      | HP: 16/76 [troll (9)]
  5691 | D:7      | Killed a troll
  5691 | D:7      | Reached skill level 1 in Shields
  5713 | Temple   | Entered the Ecumenical Temple
  5871 | Temple   | Became a worshipper of Warmaster Okawaru
  5952 | D:7      | Gained mutation: You passively map the area around you. [Deep Dwarf growth]
  5952 | D:7      | Reached XP level 9. HP: 45/82 MP: 5/5
  6076 | D:7      | Reached skill level 3 in Throwing
  6076 | D:7      | Reached skill level 1 in Armour
  6083 | D:7      | Found a glowing golden altar of the Shining One.
  6232 | D:7      | Reached skill level 2 in Dodging
  6630 | D:8      | Reached skill level 10 in Stealth
  6630 | D:8      | Reached skill level 2 in Shields
  6690 | D:8      | Reached skill level 2 in Armour
  6906 | D:8      | Reached skill level 1 in Invocations
  6933 | D:8      | Reached * piety under Okawaru
  6995 | D:8      | Learned a level 3 spell: Vampiric Draining
  7006 | D:8      | Noticed a two-headed ogre
  7032 | D:8      | Killed a two-headed ogre
  7032 | D:8      | Reached skill level 3 in Shields
  7032 | D:8      | Reached skill level 1 in Spellcasting
  7032 | D:8      | Reached skill level 1 in Necromancy
  7032 | D:8      | Reached skill level 2 in Invocations
  7162 | D:8      | Reached XP level 10. HP: 62/92 MP: 5/8
  7163 | D:8      | Reached skill level 2 in Necromancy
  7208 | D:8      | Reached skill level 3 in Invocations
  7228 | D:8      | Found a sacrificial altar of Ru.
  7323 | D:8      | Reached skill level 7 in Fighting
  7411 | D:8      | Reached skill level 7 in Short Blades
  7424 | D:8      | Found a shimmering altar of Xom.
  7428 | D:8      | Found a deep blue altar of Sif Muna.
  7495 | D:8      | Found a glowing golden altar of the Shining One.
  7574 | D:8      | Reached skill level 2 in Spellcasting
  7816 | D:8      | Reached skill level 4 in Shields
  7853 | D:8      | Noticed a two-headed ogre
  7872 | D:8      | Killed a two-headed ogre
  7872 | D:8      | Reached skill level 3 in Necromancy
  7872 | D:8      | Reached skill level 4 in Invocations
  7898 | D:8      | Reached ** piety under Okawaru
  7927 | D:8      | HP: 19/94 [electric eel/bolt of electricity (11)]
  8102 | D:9      | Reached skill level 11 in Stealth
  8248 | D:9      | Noticed Erica
  8253 | D:9      | Killed Erica
  8253 | D:9      | Reached skill level 5 in Invocations
  8268 | D:9      | Reached skill level 3 in Spellcasting
  8268 | D:9      | Reached skill level 4 in Necromancy
  8701 | D:9      | Noticed Grum
  8758 | D:9      | Killed Grum
  8758 | D:9      | Reached XP level 11. HP: 55/102 MP: 0/7
  8905 | D:9      | Got a transparent chain mail
  8917 | D:9      | Reached *** piety under Okawaru
  9068 | D:9      | Noticed Maurice
  9090 | D:9      | Killed Maurice
  9587 | D:9      | Learned a level 5 spell: Borgnjor's Vile Clutch
  9605 | D:10     | Entered Level 10 of the Dungeon
 10329 | D:10     | Got a warped chain mail
 10332 | D:10     | Reached skill level 8 in Short Blades
 10480 | D:10     | Noticed a two-headed ogre
 10507 | D:10     | Killed a two-headed ogre
 10507 | D:10     | Reached skill level 8 in Fighting
 10507 | D:10     | Reached skill level 5 in Necromancy
 10943 | D:11     | Reached skill level 3 in Dodging
 10957 | D:11     | Reached skill level 4 in Spellcasting
 11101 | D:11     | Reached **** piety under Okawaru
 11101 | D:11     | Reached skill level 1 in Earth Magic
 11219 | D:11     | Reached skill level 3 in Armour
 11239 | D:11     | Identified the +1 chain mail of Classification {rN+} (You took it off an orc on level 9 of the Dungeon)
 11249 | D:11     | Identified the cursed +1 chain mail of the Sun {rC+ Dex+5} (You found it on level 10 of the Dungeon)
 11391 | D:11     | Noticed a six-headed hydra
 11410 | D:11     | Killed a six-headed hydra
 11419 | D:11     | Reached skill level 12 in Stealth
 11419 | D:11     | Reached skill level 5 in Shields
 11593 | D:11     | Received a gift from Okawaru
 11593 | D:11     | Reached skill level 2 in Earth Magic
 11822 | D:11     | Reached skill level 4 in Throwing
 11940 | D:11     | Noticed an orc knight
 11950 | D:11     | Killed an orc knight
 11966 | D:11     | Found a staircase to the Orcish Mines.
 11980 | D:11     | Reached skill level 4 in Dodging
 12140 | D:11     | Found a staircase to the Lair.
 12162 | D:11     | Noticed Snorg
 12177 | D:11     | Killed Snorg
 12177 | D:11     | Reached ***** piety under Okawaru
 12199 | D:11     | Noticed a white ugly thing
 12207 | D:11     | Killed a white ugly thing
 12207 | D:11     | Reached skill level 3 in Earth Magic
 12207 | D:11     | Reached XP level 12. HP: 72/112 MP: 7/10
 12682 | Lair:1   | Entered Level 1 of the Lair of Beasts
 12853 | Lair:1   | Reached skill level 6 in Necromancy
 12988 | Lair:1   | Reached skill level 4 in Armour
 13041 | Lair:1   | Found a labyrinth entrance.
 13052 | Lab      | Entered a labyrinth
 13175 | Lab      | Received a gift from Okawaru
 13277 | Lab      | Noticed a minotaur
 13283 | Lab      | Killed a minotaur
 13283 | Lab      | Reached skill level 4 in Earth Magic
 13289 | Lab      | Identified the Incunabulum of Blows and Bruises
 13290 | Lab      | Got a shimmering pewter ring
 13302 | Lab      | Identified the ring "Erimmet" {rC+ MP+9 Dex-2 SInv Stlth+} (You found it in a labyrinth)
 14002 | Lair:2   | Reached skill level 5 in Dodging
 14002 | Lair:2   | Reached skill level 5 in Spellcasting
 14101 | Lair:2   | Reached skill level 6 in Invocations
 14871 | Lair:3   | Received a gift from Okawaru
 14889 | Lair:3   | Reached skill level 5 in Armour
 14893 | Lair:3   | Received a gift from Okawaru
 15168 | Lair:3   | Reached skill level 9 in Fighting
 15389 | Lair:3   | Reached skill level 9 in Short Blades
 15389 | Lair:3   | Reached skill level 7 in Necromancy
 15962 | Lair:3   | Got a smelly scale mail
 15978 | Lair:3   | Identified the +1 scale mail "Qiacregh" {+Inv Slay+5} (You found it on level 3 of the Lair of Beasts)
 16041 | Lair:3   | Learned a level 6 spell: Statue Form
 16248 | Lair:4   | Noticed a four-headed hydra
 16278 | Lair:4   | Killed a four-headed hydra
 16278 | Lair:4   | Reached skill level 13 in Stealth
 16278 | Lair:4   | Reached XP level 13. HP: 76/121 MP: 1/13
 16282 | Lair:4   | Reached skill level 6 in Dodging
 16282 | Lair:4   | Reached skill level 7 in Invocations
 16540 | Lair:4   | Found a staircase to the Snake Pit.
 16615 | Lair:4   | Reached skill level 1 in Transmutations
 17049 | Lair:4   | Found a staircase to the Swamp.
 18025 | Lair:4   | Noticed Josephine
 18036 | Lair:4   | Reached skill level 5 in Earth Magic
 18039 | Lair:4   | Killed Josephine
 18039 | Lair:4   | Reached skill level 2 in Transmutations
 18148 | Lair:5   | Noticed Ratty's ghost (journeyman CeMo)
 18202 | Lair:5   | Killed Ratty's ghost
 18375 | Lair:5   | Received a gift from Okawaru
 18382 | Lair:5   | Reached skill level 6 in Spellcasting
 18698 | Lair:5   | Reached skill level 8 in Invocations
 18721 | Lair:5   | Reached skill level 8 in Necromancy
 19192 | Lair:5   | Reached skill level 7 in Dodging
 19678 | Lair:6   | Entered Level 6 of the Lair of Beasts
 19748 | Lair:6   | Reached skill level 3 in Transmutations
 20018 | Lair:6   | Received a gift from Okawaru
 20054 | Lair:6   | Gained mutation: You resist negative energy. (rN+) [Deep Dwarf growth]
 20054 | Lair:6   | Reached XP level 14. HP: 84/130 MP: 2/15
 20702 | Lair:6   | Received a gift from Okawaru
 20881 | Lair:6   | Reached skill level 10 in Fighting
 20961 | Lair:6   | Reached skill level 9 in Invocations
 20991 | Lair:6   | Reached skill level 10 in Short Blades
 21140 | Lair:6   | Reached skill level 14 in Stealth
 21140 | Lair:6   | Reached skill level 4 in Transmutations
 21695 | Lair:6   | Reached skill level 8 in Dodging
 21695 | Lair:6   | Reached skill level 9 in Necromancy
 21853 | Lair:6   | Got a smoking marble ring
 21857 | Lair:6   | Identified the Compendium of Augmentations and Bewitchment
 21874 | Lair:6   | Identified the ring "Morchetyr" {Str+4 Slay+2 SInv} (You found it on level 6 of the Lair of Beasts)
 22039 | Lair:6   | Found a staircase to the Slime Pits.
 22262 | Orc:1    | Entered Level 1 of the Orcish Mines
 22461 | Orc:2    | Entered Level 2 of the Orcish Mines
 22706 | Orc:2    | Received a gift from Okawaru
 23046 | Orc:2    | Found Ygih Qoxt's Book Boutique.
 23064 | Orc:2    | Found Ciw Lub's Antique Weapon Shop.
 23135 | Orc:2    | Noticed an orc warlord
 23163 | Orc:2    | Killed an orc warlord
 23163 | Orc:2    | Reached skill level 7 in Spellcasting
 23329 | Orc:2    | Noticed an orc warlord
 23331 | Orc:2    | Killed an orc warlord
 23442 | Orc:2    | Received a gift from Okawaru
 23714 | Orc:2    | Found a roughly hewn altar of Beogh.
 23753 | Orc:2    | Received a gift from Okawaru
 24331 | Orc:2    | Found a staircase to the Elven Halls.
 24630 | Orc:2    | Reached skill level 6 in Earth Magic
 24713 | Orc:2    | Noticed an orc warlord
 24801 | Orc:2    | Killed an orc warlord
 24921 | Orc:2    | Found a roughly hewn altar of Beogh.
 25087 | Orc:2    | Found Aschuafy's Antique Weapon Boutique.
 25115 | Orc:2    | Bought an encrusted short sword for 208 gold pieces
 25115 | Orc:2    | Identified the +1 short sword of Tophil {venom, rN+ Int+4} (You bought it in a shop on level 2 of the Orcish Mines)
 25164 | Orc:2    | Found Jublet's Distillery.
 25173 | Orc:2    | Received a gift from Okawaru
 25173 | Orc:2    | Reached XP level 15. HP: 86/139 MP: 2/17
 25185 | Orc:2    | Bought a potion of degeneration for 10 gold pieces
 25185 | Orc:2    | Bought a potion of heal wounds for 50 gold pieces
 26158 | D:12     | Noticed Urug
 26173 | D:12     | Killed Urug
 26173 | D:12     | Reached skill level 10 in Invocations
 26283 | D:12     | Noticed Harold
 26305 | D:12     | Killed Harold
 26305 | D:12     | Reached skill level 5 in Transmutations
 27115 | D:12     | HP: 35/140 [skeletal warrior/halberd[a death knight] (9)]
 27128 | D:12     | Reached skill level 5 in Throwing
 27136 | D:12     | Found a glowing silver altar of Zin.
 27426 | D:13     | Got a warped long sword
 27427 | D:13     | Identified the +6 long sword "Sasovucs" {slice, rF+ rC+ Int+2} (You found it on level 13 of the Dungeon)
 27510 | D:13     | Found Veune's Assorted Antiques.
 27752 | D:13     | Reached skill level 7 in Earth Magic
 27976 | D:13     | Reached skill level 1 in Long Blades
 28458 | D:13     | Reached skill level 9 in Dodging
 28470 | D:13     | Reached ****** piety under Okawaru
 28491 | D:13     | Found a portal to a secret trove of treasure.
 28593 | D:14     | Found Suroebam's Magic Scroll Shop.
 28602 | D:14     | Bought a scroll of enchant armour for 97 gold pieces
 28602 | D:14     | Bought a scroll of enchant weapon for 97 gold pieces
 28602 | D:14     | Bought a scroll of enchant weapon for 97 gold pieces
 28765 | D:14     | Received a gift from Okawaru
 28765 | D:14     | Reached skill level 2 in Long Blades
 28768 | D:14     | Got a dazzling crystal plate armour {god gift}
 28784 | D:14     | Identified the +1 crystal plate armour "Roijor" {rN+} (Okawaru gifted it to you on level 14 of the Dungeon)
 28874 | D:14     | Found a gate to the Vaults.
 28934 | D:14     | Reached skill level 10 in Necromancy
 29450 | D:15     | Entered Level 15 of the Dungeon
 29853 | D:15     | HP: 20/140 [very large slime creature (25)]
 29855 | D:15     | HP: 6/140 [large slime creature (23)]
 29870 | D:14     | HP: 27/140 [skeletal warrior/enchanted war axe[a death knight] (5)]
 29982 | D:14     | HP: 29/140 [slime creature (3)]
 29984 | D:14     | Reached skill level 15 in Stealth
 30305 | D:15     | Reached skill level 6 in Armour
 30305 | D:15     | Reached skill level 6 in Transmutations
 30313 | D:15     | Reached skill level 3 in Long Blades
 30591 | D:15     | Reached skill level 8 in Earth Magic
 30967 | D:15     | Reached XP level 16. HP: 93/148 MP: 7/19
 31340 | D:15     | Reached skill level 11 in Fighting
 31340 | D:15     | Reached skill level 6 in Throwing
 31524 | D:15     | Found a staircase to the Depths.
 31785 | Swamp:1  | Entered Level 1 of the Swamp
 32373 | Swamp:1  | Received a gift from Okawaru
 32382 | Swamp:1  | Got a faintly glowing quick blade {god gift}
 32383 | Swamp:1  | Identified the +1 quick blade "Teinlas" {freeze, +Rage rN+} (Okawaru gifted it to you on level 1 of the Swamp)
 33688 | Swamp:2  | Noticed a thorn hunter
 33730 | Swamp:2  | Killed a thorn hunter
 33730 | Swamp:2  | Reached skill level 10 in Dodging
 33933 | Swamp:2  | Noticed a thorn hunter
 33948 | Swamp:2  | HP: 32/150 [thorn hunter/volley of thorns (42)]
 33958 | Swamp:2  | HP: 18/150 [spiny frog (12)]
 33959 | Swamp:2  | HP: 7/150 [spiny frog (11)]
 33970 | Swamp:1  | Reached skill level 7 in Armour
 34099 | Swamp:1  | Reached skill level 9 in Earth Magic
 34155 | Swamp:2  | Noticed a tentacled monstrosity
 34253 | Swamp:2  | Killed a tentacled monstrosity
 34441 | Swamp:2  | HP: 25/150 [thorn hunter/volley of thorns (15)]
 34452 | Swamp:2  | HP: 14/150 [thorn hunter/volley of thorns (26)]
 34457 | Swamp:2  | Killed a thorn hunter
 34489 | Swamp:2  | HP: 36/150 [shambling mangrove (20)]
 34504 | Swamp:2  | HP: 27/150 [shambling mangrove (26)]
 34508 | Swamp:2  | Received a gift from Okawaru
 35658 | Swamp:3  | Received a gift from Okawaru
 35761 | Swamp:3  | Got an obsidian-encrusted leather armour
 35772 | Swamp:3  | Identified the cursed +1 leather armour "Ceyt" {+Blink MR+ Dex+2} (You found it on level 3 of the Swamp)
 35806 | Swamp:3  | Reached skill level 7 in Transmutations
 36053 | Swamp:3  | HP: 36/150 [swamp worm (5)]
 36142 | Swamp:3  | Noticed a thorn hunter
 36155 | Swamp:3  | HP: 36/151 [thorn hunter/volley of thorns (37)]
 36161 | Swamp:3  | HP: 26/151 [thorn hunter (12)]
 36168 | Swamp:3  | HP: 17/151 [thorn hunter/volley of thorns (12)]
 36181 | Swamp:3  | HP: 3/151 [thorn hunter/volley of thorns (36)]
 36185 | Swamp:3  | Killed a thorn hunter
 36185 | Swamp:3  | Reached skill level 4 in Long Blades
 36185 | Swamp:3  | Reached skill level 11 in Necromancy
 36288 | Swamp:3  | HP: 34/151 [ghost crab] (4)]
 36916 | Snake:1  | Entered Level 1 of the Snake Pit
 37200 | D:13     | Bought a glowing short sword for 204 gold pieces
 37378 | Orc:2    | Bought a glowing long sword for 169 gold pieces
 37378 | Orc:2    | Bought a shimmering war axe for 221 gold pieces
 37378 | Orc:2    | Bought a faintly glowing spear for 208 gold pieces
 37378 | Orc:2    | Bought a runed long sword for 169 gold pieces
 37378 | Orc:2    | Identified the +8 spear "Meen Jips" {drain, +Fly rElec rF+} (You bought it in a shop on level 2 of the Orcish Mines)
 37379 | Orc:2    | Identified the +2 war axe "Killer Bee's Curse" {chop, rC+ MR+ Stlth+} (You bought it in a shop on level 2 of the Orcish Mines)
 38333 | Swamp:4  | Entered Level 4 of the Swamp
 38345 | Swamp:4  | HP: 31/151 [alligator (18)]
 38522 | Swamp:4  | HP: 33/151 [tyrant leech[a spriggan druid] (25)]
 38527 | Swamp:3  | HP: 35/151 [six-headed hydra[a spriggan druid] (2)]
 38532 | Swamp:3  | HP: 28/151 [six-headed hydra[a spriggan druid] (2)]
 38873 | Swamp:4  | Noticed a thorn hunter
 38920 | Swamp:4  | Reached XP level 17. HP: 54/157 MP: 15/15
 38957 | Swamp:4  | Reached skill level 10 in Earth Magic
 39017 | Swamp:4  | HP: 35/157 [thorn hunter (8)]
 39018 | Swamp:4  | Killed from afar by a thorn hunter

Skill      XL: |  1  2  3  4  5  6  7  8  9 10 11 12 13 14 15 16 17 |
---------------+----------------------------------------------------+-----
Fighting       | 2 3 4 5 6 7 8 9 10 11 | 11.5
Short Blades   | 2 3 4 5 6 7 8 9 10 | 10.8
Stealth        | 5 6 7 9 10 11 12 13 14 15 | 15.1
Throwing       | 2 3 4 5 6 |  6.9
Shields        | 1 3 4 5 |  5.0
Armour         | 2 3 5 6 7 |  7.9
Dodging        | 2 4 5 7 8 9 10 | 10.4
Invocations    | 2 5 6 8 9 10 | 10.0
Spellcasting   | 1 3 4 5 6 7 |  7.3
Necromancy     | 1 4 5 7 8 9 10 11 | 11.2
Earth Magic    | 3 4 5 6 8 9 10 | 10.0
Transmutations | 3 4 6 7 |  7.4
Long Blades    | 3 4 |  4.1

Action                   |  1- 3 |  4- 6 |  7- 9 | 10-12 | 13-15 | 16-18 || total
-------------------------+-------+-------+-------+-------+-------+-------++-------
Melee: Dagger            |   168 |   150 |   134 |       |       |       ||   452
       Short sword       |       |       |   192 |   940 |  1163 |     2 ||  2297
       Punch             |       |       |     1 |     6 |       |       ||     7
       Long sword        |       |       |       |       |   266 |   242 ||   508
       Quick blade       |       |       |       |       |       |   275 ||   275
       War axe           |       |       |       |       |       |     8 ||     8
 Fire: Blowgun           |       |    22 |    49 |    31 |       |    40 ||   142
Throw: Stone             |    20 |     1 |    23 |    56 |     2 |       ||   102
       Tomahawk          |       |     1 |    17 |     4 |    38 |       ||    60
       Javelin           |       |       |       |   104 |    80 |    44 ||   228
       Throwing net      |       |       |       |       |       |     2 ||     2
 Cast: Vampiric Draining |       |       |       |    95 |   487 |   268 ||   850
       Borgnjor's Vile C |       |       |       |     3 |     3 |     7 ||    13
Invok: Heroism           |       |       |     3 |    34 |    31 |    24 ||    92
       Finesse           |       |       |       |       |    14 |     7 ||    21
 Abil: Heal Wounds       |     1 |     3 |    17 |    10 |     2 |    24 ||    57
       Evoke Berserk Rag |       |     3 |     6 |       |       |       ||     9
  Use: Potion            |     1 |       |     2 |     5 |     6 |     7 ||    21
       Scroll            |       |    12 |     2 |    15 |    11 |     6 ||    46
 Stab: Sleeping          |     8 |    14 |     6 |    28 |    30 |     7 ||    93
       Distracted        |     1 |       |       |       |     2 |     2 ||     5
       Paralysed         |       |       |       |     1 |       |       ||     1
       Confused          |       |       |       |       |       |     1 ||     1
       Held in net/web   |       |       |       |       |       |     1 ||     1
  Eat: Chunk             |     2 |    11 |    13 |    21 |    63 |    17 ||   127
       Ration            |       |       |     1 |     6 |     3 |     7 ||    17
Armor: Robe              |     7 |       |       |       |       |       ||     7
       Leather armour    |    33 |    43 |    81 |    50 |       |   117 ||   324
       Troll leather arm |       |       |       |    79 |       |       ||    79
       Steam dragon scal |       |       |       |    69 |       |       ||    69
       Scale mail        |       |       |       |    12 |   466 |   168 ||   646
Dodge: Dodged            |    70 |    45 |   103 |   453 |   722 |   552 ||  1945
Block: Buckler           |       |       |       |   121 |   428 |   239 ||   788
       Rpst.: Long sword |       |       |       |       |    55 |    69 ||   124

Vault maps used:
D:1:      dpeg_arrival_arbitrary_a
D:2:      lemuel_zombie_altar_kikubaaqudgha, nicolae_qazlal_style_of_elements,
          uniq_robin
D:3:      elyvilon_altar_5
D:4:      first_ration, uniq_ijyb, uniq_edmund
D:6:      overflow_temple_1_default
D:7:      minmay_temple_entry_trees, basic_altar
D:8:      kennysheep_little_box, nicolae_tso_carved_into_rock,
          nicolae_overflow_hidden_temple, serial_ice, serial_ice_l,
          serial_ice_f, serial_ice_g, serial_ice_m, serial_ice_h, serial_ice_b
D:9:      special_room, serial_glass, glass_columns_c, glass_columns_c,
          uniq_erica, uniq_maurice, uniq_grum
D:11:     david_lair_generic, erik_orc_2, uniq_snorg
D:12:     basic_altar, uniq_harold, uniq_urug
D:13:     serial_shops, shop, nicolae_trove_entry_crystal
D:14:     hangedman_vaults_entry_quadrant_bands, minivault_25, serial_shops,
          shop
D:15:     hangedman_depths_entry_try_elsewhere_first, hex_medium,
          serial_bayou_pond_e
Temple:   regret_index_temple_waves
Lair:1:   portal_ice_cave_entry_pillars_1, lab_entry_generic,
          grunt_megastairs_3, minmay_lair_oklob_chamber, lemuel_fruit_fields
Lair:3:   grunt_megastairs_4
Lair:4:   minmay_lair_oklob_tunnel, nicolae_swamp_entry_splash_gauntlet,
          minmay_snake_entry_six_corridors, grunt_megastairs_1,
          infiniplex_staircase_pool_2, uniq_josephine
Lair:5:   lemuel_fruit_tree
Lair:6:   gammafunk_lair_ancient_temple, minmay_slime_entry_oklob_enclosed,
          guppyfry_lair_drakes
Swamp:1:  evilmike_swamp_ruin_house_6
Swamp:2:  cheibrodos_swamp_monstrosity, nicolae_swamp_orc_logging_accident,
          infiniplex_staircase_pool
Swamp:3:  serial_swamp_ruin, evilmike_swamp_ruin_rubble_2,
          evilmike_swamp_ruin_house_2
Swamp:4:  swamp_basic_johnstein, swamp_pool1, nicolae_swamp_fairy_circle
Orc:2:    pubby_orc_utopia
Lab:      labyrinth_hidden_loot, nicolae_lab_stuck, nicolae_lab_diamond,
          nicolae_lab_dead_end, nicolae_lab_flowing_pool, nicolae_lab_blocks,
          nicolae_lab_swirl, nicolae_lab_very_dead_end, lab_statue,
          labyrinth_skeletal_remains, lab_fountain, nicolae_lab_x

Table legend:
 A = Turns spent in this place as a percentage of turns spent in the entire game.
 B = Non-inter-level travel turns spent in this place as a percentage of non-inter-level travel turns spent in the entire game.
 C = Inter-level travel turns spent in this place as a percentage of turns spent in this place.
 D = Turns resting spent in this place as a percentage of non-inter-level travel turns spent in this place.
 E = Turns spent auto-exploring this place as a percentage of non-inter-level travel turns spent in this place.
 F = Non-inter-level travel turns spent in this place divided by the number of levels of this place that you've seen.
                   A       B       C       D       E      F
               +-------+-------+-------+-------+-------+----------------------
         Total | 100.0 | 100.0 |   8.0 |   4.0 |  65.1 | 1196.0
       Dungeon |  48.5 |  48.5 |   8.2 |   3.2 |  64.1 | 1159.2
        Temple |   0.5 |   0.5 |   0.0 |   0.0 |  67.8 | 180.0
          Lair |  25.6 |  25.4 |   8.8 |   1.4 |  73.7 | 1516.2
         Swamp |  15.0 |  15.2 |   6.9 |  11.0 |  59.5 | 1362.0
     Snake Pit |   0.0 |   0.0 |   0.0 |   0.0 |   0.0 |   8.0
  Orcish Mines |   9.8 |   9.8 |   8.2 |   4.6 |  60.9 | 1749.5
     Labyrinth |   0.7 |   0.7 |   0.0 |   0.0 |   0.0 | 260.0
               +-------+-------+-------+-------+-------+----------------------

Table legend:
 A = Kills in this place as a percentage of kills in entire the game.
 B = Kills by you in this place as a percentage of kills by you in the entire game.
 C = Kills by friends in this place as a percentage of kills by friends in the entire game.
 D = Other kills in this place as a percentage of other kills in the entire game.
 E = Experience gained in this place as a percentage of experience gained in the entire game.
 F = Experience gained in this place divided by the number of levels of this place that you have seen.
                   A       B       C       D       E      F
               +-------+-------+-------+-------+-------+----------------------
         Total | 100.0 | 100.0 |   N/A |   N/A | 100.0 | 7220.4
       Dungeon |  48.5 |  48.5 |   N/A |   N/A |  35.6 | 5139.3
          Lair |  20.6 |  20.6 |   N/A |   N/A |  27.5 | 9933.5
         Swamp |  12.8 |  12.8 |   N/A |   N/A |  25.6 | 13851.8
  Orcish Mines |  17.4 |  17.4 |   N/A |   N/A |  10.3 | 11118.0
     Labyrinth |   0.7 |   0.7 |   N/A |   N/A |   1.1 | 2279.0
               +-------+-------+-------+-------+-------+----------------------
